 Dungeon Crawl Stone Soup version 0.22.1-1-ga44c0e5 (webtiles) character file.

5343 gbos the Transmogrifier (level 10, -5/83 HPs)
             Began as a Deep Dwarf Transmuter on Sept 30, 2018.
             Was a Believer of Makhleb.
             Slain by a crocodile (12 damage)
             ... on level 10 of the Dungeon.
             The game lasted 00:34:03 (8586 turns).

gbos the Transmogrifier (Deep Dwarf Transmuter)     Turns: 8586, Time: 00:34:04

Health: -5/83      AC:  3    Str: 15    XL:     10   Next: 38%
Magic:  19/22      EV: 15    Int: 16    God:    Makhleb [**....]
Gold:   352        SH:  0    Dex: 13    Spells: 7/24 levels left

rFire    + . .     SeeInvis .     - Unarmed
rCold    + . .     Gourm    +   (shield currently unavailable)
rNeg     . . .     Faith    .   D - +1 robe {rC+ rF+}
rPois    +         Spirit   .   (no helmet)
rElec    .         Reflect  .   (no cloak)
rCorr    .         Harm     .   (gloves currently unavailable)
MR       +....                  (no boots)
Stlth    ++........             e - amulet of the gourmand
HPRegen  0.00/turn              k - ring of poison resistance
MPRegen  0.18/turn              t - ring of magical power

@: blade hands, non-regenerating
A: damage resistance, heal wounds, sense surroundings 2, robust 1, no
regeneration
a: Heal Wounds, End Transformation, Minor Destruction, Renounce Religion


You were on level 10 of the Dungeon.
You worshipped Makhleb.
Makhleb was pleased with you.
You were very full.
You had blades for hands.
You visited 2 branches of the dungeon, and saw 11 of its levels.

You collected 453 gold pieces.
You spent 101 gold pieces at shops.

Inventory:

Missiles
 a - 92 arrows
 c - 4 needles of sleeping
 s - 36 poisoned needles
Armour
 b - a +1 robe
 D - a +1 robe of resistance (worn)
 H - the +1 robe of Recklessness {rC+ Str+4}
   (You found it on level 9 of the Dungeon)

   It affects your strength (+4).
   It protects you from cold.
Jewellery
 e - an amulet of the gourmand (around neck)
 k - a ring of poison resistance (left scythe-like blade)
 q - an uncursed ring of resist corrosion
 r - an uncursed amulet of regeneration
 t - a ring of magical power (right scythe-like blade)
 u - an uncursed ring of protection from cold
 x - an uncursed ring of ice
 y - an uncursed ring of fire
Wands
 v - a wand of disintegration (19)
 C - a wand of random effects (28)
 I - a wand of flame (31)
Scrolls
 f - 3 scrolls of remove curse
 g - 2 scrolls of magic mapping
 h - a scroll of immolation {unknown}
 i - 4 scrolls of enchant armour
 j - 4 scrolls of amnesia
 o - 4 scrolls of fear
 w - 3 scrolls of identify
 A - 2 scrolls of noise {unknown}
 B - a scroll of vulnerability {unknown}
 E - a scroll of enchant weapon {unknown}
Potions
 l - 2 potions of curing
 m - a potion of agility {unknown}
 n - a potion of magic {unknown}
 p - 2 potions of mutation
 z - 2 potions of brilliance {unknown}
 F - a potion of degeneration {unknown}
Comestibles
 d - 18 rations
 G - 5 chunks of flesh


   Skills:
 - Level 0.8 Fighting
 - Level 5.9 Dodging
 - Level 1.0 Stealth
 - Level 5.3 Unarmed Combat
 + Level 7.7 Spellcasting
 - Level 3.0 Translocations
 + Level 8.1 Transmutations
 - Level 3.0 Ice Magic
 - Level 4.2 Invocations


You had 7 spell levels left.
You knew the following spells:

 Your Spells              Type           Power        Failure   Level  Hunger
a - Beastly Appendage     Tmut           ####..       11%         1    None
b - Sticks to Snakes      Tmut           ####....     13%         2    None
c - Blink                 Tloc           N/A          32%         2    None
d - Spider Form           Tmut/Pois      ###.......   36%         3    ##.....
e - Ice Form              Ice/Tmut       ###.....     50%         4    ####...
f - Blade Hands           Tmut           ####......   50%         5    #####..

Your spell library contained the following spells:

 Spells                   Type           Power        Failure   Level  Hunger
 Magic Dart               Conj           #...         50%         1    None
 Call Imp                 Summ           #.......     58%         2    None
 Searing Ray              Conj           #.....       58%         2    None
 Slow                     Hex            #.......     58%         2    None
 Conjure Flame            Conj/Fire      #.......     77%         3    ##.....
 Dazzling Spray           Conj/Hex       #.....       77%         3    ##.....
 Mephitic Cloud           Conj/Pois/Air  #.......     77%         3    ##.....
 Force Lance              Conj/Tloc      ##......     88%         4    ####...
 Fulminant Prism          Conj/Hex       #.........   97%         4    ####...
 Iskenderun's Mystic Bla  Conj           #.......     97%         4    ####...


Dungeon Overview and Level Annotations

Branches:
Dungeon (10/15)            Temple (1/1) D:7             Orc (0/2) D:9
   Lair: D:8-11

Altars:
Dithmenos
Elyvilon
Gozag
Hepliaklqana
Makhleb
Nemelex Xobeh
Okawaru
Qazlal
Sif Muna
Trog
Uskayaw
Wu Jian
Xom
Yredelemnul
Zin
The Shining One

Shops:
D:6 *(?   D:9 [

Annotations:
D:2 Crazy Yiuf, Terence


Innate Abilities, Weirdness & Mutations

You are resistant to damage.
You can heal yourself by infusing magical energy.
You passively map the area around you.
You do not regenerate.
You are robust. (+10% HP)


Message History

An orc comes into view.
The crocodile bites you! The basilisk completely misses you.
You have turned to stone.
The orc shouts!
The crocodile bites you. The basilisk bites you! The crocodile bites you!
The basilisk bites you! The crocodile bites you!
The basilisk barely misses you. The crocodile bites you!
The basilisk bites you!
* * * LOW HITPOINT WARNING * * *
The crocodile bites you. The basilisk bites you!
* * * LOW HITPOINT WARNING * * *
The crocodile bites you. The basilisk bites you!
* * * LOW HITPOINT WARNING * * *
The orc hits you. The crocodile bites you!
* * * LOW HITPOINT WARNING * * *
The basilisk bites you. The orc hits you.
You turn to flesh and can move again.
You fail to use your ability.
The crocodile bites you!
You die...

.#####.......##
*,,..###..%......##
* .............:.#*
* ,
................# ,
,
,.................
* , ,
..................
* ,,
.................>#
.................>#
* ,
......o@t........>#
,
......l..........[#
, ,
...(.............#
,
................#*
,,*
,....[....).....##
,
,..?###...[.....##
,*
...#####.......## ,
* #...#####......##
,,
.....#####.....##


You could see a basilisk, a crocodile and an orc.

Vanquished Creatures
  A centaur zombie (D:10)
  3 hippogriffs
  2 wyverns
  7 orc warriors
  A sky beast (D:6)
  2 black bears
  A necrophage (D:9)
  3 ice beasts
  4 ogres
  2 centaurs (D:8)
  A crocodile (D:6)
  3 bullfrogs
  A big kobold (D:9)
  5 scorpions
  4 killer bees (D:8)
  4 wights (D:6)
  A howler monkey (D:5)
  6 crimson imps
  A bullfrog zombie (D:5)
  3 hounds
  An orc priest (D:6)
  8 orc wizards
  A centaur skeleton (D:6)
  6 iguanas
  3 worker ants
  A killer bee zombie (D:7)
  A hound zombie (D:5)
  2 hound skeletons
  7 adders
  3 gnolls (D:6)
  A shadow imp (D:5)
  An ooze (D:3)
  An adder skeleton (D:8)
  A worm (D:4)
  A dart slug (D:1)
  4 leopard geckos
  30 orcs
  6 giant cockroaches
  6 goblins
  5 hobgoblins
  9 jackals
  4 quokkas
  A ball python (D:2)
  A ball python skeleton (D:4)
  4 bats
  6 frilled lizards
  A jackal skeleton (D:4)
  11 kobolds
  A quokka skeleton (D:6)
  A quokka zombie (D:8)
  3 rats
186 creatures vanquished.

Vanquished Creatures (collateral kills)
  A two-headed ogre (D:9)
  An ogre (D:4)
  A worker ant (D:2)
  2 adders (D:2)
  A kobold (D:1)
6 creatures vanquished.

Vanquished Creatures (others)
  A fungus (D:10)
1 creature vanquished.

Grand Total: 193 creatures vanquished

Notes
Turn   | Place    | Note
-------+----------+-------------------------------------------
     0 | D:1      | gbos the Deep Dwarf Transmuter began the quest for the Orb.
     0 | D:1      | Reached XP level 1. HP: 16/16 MP: 3/3
   137 | D:1      | Reached skill level 2 in Transmutations
   394 | D:1      | Reached XP level 2. HP: 24/24 MP: 3/5
   398 | D:1      | Learned a level 2 spell: Sticks to Snakes
   991 | D:2      | Reached XP level 3. HP: 16/30 MP: 1/6
  1214 | D:2      | Found a stormy altar of Qazlal.
  1366 | D:2      | Reached skill level 1 in Stealth
  1366 | D:2      | Reached XP level 4. HP: 26/37 MP: 2/7
  1455 | D:2      | Noticed Terence
  1638 | D:2      | Found a runed door.
  2017 | D:3      | Reached skill level 3 in Transmutations
  2625 | D:4      | Learned a level 2 spell: Blink
  2693 | D:4      | Noticed an ogre
  2708 | D:3      | Learned a level 3 spell: Spider Form
  2723 | D:4      | Killed an ogre
  2723 | D:4      | Reached XP level 5. HP: 35/43 MP: 1/8
  2773 | D:4      | Reached skill level 1 in Translocations
  2799 | D:4      | Noticed an ogre
  2826 | D:4      | Killed an ogre
  2947 | D:4      | Reached XP level 6. HP: 44/50 MP: 8/8
  3176 | D:4      | Found an opulent altar of Gozag.
  3176 | D:4      | Found a glowing silver altar of Zin.
  3242 | D:5      | Entered Level 5 of the Dungeon
  3320 | D:5      | Found an iron altar of Okawaru.
  3345 | D:5      | Got a fabulously ornate robe
  3356 | D:5      | Identified the cursed +0 robe of the Unbroken {rF- Str-5
                  | Int+4} (You found it on level 5 of the Dungeon)
  3467 | D:5      | Noticed an ice beast
  3505 | D:6      | Noticed a sky beast
  3505 | D:6      | Noticed an ice beast
  3519 | D:5      | Noticed a hand axe
  3519 | D:5      | Noticed a dagger
  3520 | D:5      | Found a hide-covered altar of Uskayaw.
  3627 | D:5      | Reached XP level 7. HP: 11/56 MP: 10/10
  3636 | D:5      | Reached skill level 4 in Transmutations
  3783 | D:5      | Found a hide-covered altar of Uskayaw.
  4161 | D:6      | Found Soehyco's General Store.
  4177 | D:6      | Bought a potion of curing for 30 gold pieces
  4427 | D:6      | Reached XP level 8. HP: 35/63 MP: 12/12
  4480 | D:6      | Found Teahucw's Weapon Boutique.
  4601 | D:6      | Reached skill level 5 in Spellcasting
  4601 | D:6      | Reached skill level 5 in Transmutations
  4766 | D:6      | Reached skill level 5 in Dodging
  5025 | D:6      | Found Ygaith's Magic Scroll Shop.
  5066 | D:6      | Bought a scroll of teleportation for 33 gold pieces
  5066 | D:6      | Bought a scroll of magic mapping for 38 gold pieces
  5221 | D:2      | Noticed Crazy Yiuf
  5530 | D:7      | Found a staircase to the Ecumenical Temple.
  5540 | Temple   | Entered the Ecumenical Temple
  5549 | Temple   | Became a worshipper of Makhleb the Destroyer
  5684 | D:7      | Reached skill level 5 in Unarmed Combat
  6205 | D:7      | Gained mutation: You passively map the area around you.
                  | [Deep Dwarf growth]
  6205 | D:7      | Reached XP level 9. HP: 23/69 MP: 13/13
  6482 | D:8      | Reached skill level 6 in Transmutations
  6653 | D:8      | Reached * piety under Makhleb
  7035 | D:8      | Reached skill level 1 in Invocations
  7264 | D:8      | Found an ornate altar of the Wu Jian Council.
  7306 | D:9      | Reached skill level 7 in Transmutations
  7395 | D:9      | Found a shimmering altar of Xom.
  7397 | D:9      | Found a white marble altar of Elyvilon.
  7404 | D:9      | Found a hazy altar of Hepliaklqana.
  7405 | D:9      | Found a deep blue altar of Sif Muna.
  7405 | D:9      | Found a stormy altar of Qazlal.
  7672 | D:9      | Found Wedwel's Antique Armour Boutique.
  7753 | D:9      | Gained mutation: You are robust. (+10% HP) [potion of
                  | mutation]
  7832 | D:9      | Learned a level 4 spell: Ice Form
  7858 | D:9      | Reached ** piety under Makhleb
  7899 | D:9      | Found a staircase to the Orcish Mines.
  7924 | D:9      | Reached XP level 10. HP: 50/83 MP: 13/13
  8038 | D:9      | Noticed a two-headed ogre
  8047 | D:9      | Reached skill level 1 in Ice Magic
  8078 | D:9      | Killed a two-headed ogre
  8135 | D:9      | Got a colourful robe
  8136 | D:9      | Identified the +1 robe of Recklessness {rC+ Str+4} (You
                  | found it on level 9 of the Dungeon)
  8357 | D:10     | Entered Level 10 of the Dungeon
  8534 | D:10     | Learned a level 5 spell: Blade Hands
  8565 | D:10     | Reached skill level 8 in Transmutations
  8586 | D:10     | Slain by a crocodile

Skill      XL: |  1  2  3  4  5  6  7  8  9 10 |
---------------+-------------------------------+-----
Transmutations | 2 3 4 5 7 8 |  8.1
Spellcasting   | 2 3 4 5 7 |  7.7
Stealth        | 1 |  1.0
Translocations | 2 3 |  3.0
Unarmed Combat | 3 4 5 |  5.3
Dodging        | 3 4 5 |  5.9
Invocations    | 4 |  4.2
Ice Magic      | 3 |  3.0
Fighting       | |  0.8

Action                   |  1- 3 |  4- 6 |  7- 9 | 10-12 || total
-------------------------+-------+-------+-------+-------++-------
Melee: Unarmed           |   117 |   196 |   476 |    93 ||   882
       Kick              |     6 |    25 |     7 |       ||    38
       Headbutt          |     7 |    12 |     3 |       ||    22
       Punch             |     1 |     1 |     1 |     4 ||     7
 Cast: Beastly Appendage |    23 |    26 |     8 |       ||    57
       Sticks to Snakes  |     7 |     2 |     6 |     5 ||    20
       Spider Form       |       |     4 |    54 |    11 ||    69
       Blink             |       |     3 |       |     2 ||     5
       Blade Hands       |       |       |       |     2 ||     2
 Abil: Heal Wounds       |     2 |     4 |    15 |     6 ||    27
  Use: Scroll            |       |     6 |     3 |     3 ||    12
       Potion            |       |     4 |     4 |     1 ||     9
 Stab: Sleeping          |     3 |       |     1 |       ||     4
       Invisible         |       |     1 |       |       ||     1
  Eat: Chunk             |     2 |    21 |    19 |     3 ||    45
Armor: Robe              |    38 |    35 |    15 |     8 ||    96
       Skin              |       |     3 |     6 |     8 ||    17
Dodge: Dodged            |    94 |   108 |   496 |   117 ||   815
